 Dungeon Crawl Stone Soup version 0.30-b1-2-g02819fbbbe (webtiles) character file.

Game seed: 16688292713495866783

9 Alarkh the Charlatan (level 2, 20/20 (22) HPs)
             Began as a Demonspawn Artificer on July 11, 2023.
             Got out of the dungeon alive.
             The game lasted 00:00:52 (254 turns).

Alarkh the Charlatan (Demonspawn Artificer)          Turns: 254, Time: 00:00:52

HP:   20/20 (22)    AC:  3    Str: 12    XL:     2   Next: 6%
MP:   2/2           EV: 11    Int: 12    God:
Gold: 16            SH:  0    Dex: 13    Spells: 1/1 levels left

rFire   . . .        a - +1 short sword (drain)
rCold   . . .        i - orb {*Rage}
rNeg    . . .        b - +0 leather armour
rPois   .            (no helmet)
rElec   .            (no cloak)
rCorr   .            (no gloves)
SInv    .            (no boots)
Will    .....        (no amulet)
Stlth   +            (no ring)
HPRegen 0.23/turn    (no ring)
MPRegen 0.08/turn

%: random rage (20%)
@: drained
A: hooves 1
a: no special abilities


You escaped.
You visited 1 branch of the dungeon, and saw 1 of its levels.

You collected 16 gold pieces.

Inventory:

Hand Weapons
 a - a +1 short sword of draining (weapon)
 h - a +0 club
Armour
 b - a +0 leather armour (worn)
 i - an orb of wrath (worn)
Wands
 c - a wand of flame (14) (quivered)
 d - a wand of charming (11)
 e - a wand of iceblast (5)
Scrolls
 g - a scroll of fog {unknown}
 j - a scroll of immolation {unknown}
Potions
 f - a potion of might {unknown}
 k - a potion of brilliance {unknown}


   Skills:
 + Level 2.1 Fighting
 - Level 1.7 Armour
 - Level 0.8 Dodging
 - Level 0.8 Stealth
 - Level 3.0 Evocations


You had one spell level left.
You didn't know any spells.
Your spell library was empty.

Dungeon Overview and Level Annotations

Branches:
Dungeon (1/15)

Altars:


Innate Abilities, Weirdness & Mutations

You have large cloven feet.


Message History

A bat is nearby!
Found a scroll labelled XUABLEUDEL.
A red film seems to cover your vision as you go berserk!
You feel yourself moving faster!
You feel mighty!
You puncture the bat!
You kill the bat!
You have reached level 2!
Your demonic ancestry asserts itself...
Your feet thicken and deform.
You feel a strong urge to attack something.
You feel your anger nearly subside.
You are no longer berserk.
You are exhausted.
You feel yourself slow down.
Found a stone staircase leading down.
A frilled lizard comes into view.
You can't go up here!
The frilled lizard hisses angrily.
The frilled lizard closely misses you.
You hit the frilled lizard. You drain the frilled lizard.
You kill the frilled lizard!
No target in view!
No target in view!
No target in view!
No target in view!
No target in view!
No target in view!
No target in view!
No target in view!
No target in view!
No target in view!
No target in view!
No target in view!
You see here a ball python corpse.
You feel yourself speed up.
You open the door.
There is an open door here.
You recover from your berserk rage.
There is a staircase leading out of the dungeon here.
Are you sure you want to leave the Dungeon?
This will make you lose the game!
You have escaped!

#.....############.######.#
+.....############.#####
#......##..............#
#....#.##..............#
.......##..###.######..#
.....####..#........#..#
.....# #..#........# ...
.....# #...........# ##.
.....####..#....@...#
.......##..#...........#
.†.....'...#........#..#
†......##..#........# #
....#####..######.### ....#
#.... ... ...... #.....
.... ....... #####.# ####
.......# .#


There were no monsters in sight!

Vanquished Creatures
  3 ball pythons (D:1)
  A giant cockroach (D:1)
  2 bats (D:1)
  A frilled lizard (D:1)
  2 kobolds (D:1)
  2 rats (D:1)
11 creatures vanquished.

Vanquished Creatures (others)
  A ball python (D:1)
  A kobold (D:1)
2 creatures vanquished.

Grand Total: 13 creatures vanquished

Notes
Turn   | Place    | Note
-------+----------+-------------------------------------------
     0 | D:1      | Alarkh the Demonspawn Artificer began the quest for the
                  | Orb.
     0 | D:1      | Reached XP level 1. HP: 15/15 MP: 1/1
   210 | D:1      | Gained mutation: You have large cloven feet. [demonic
                  | ancestry]
   210 | D:1      | Reached XP level 2. HP: 20/20 MP: 2/2
   254 | D:$      | Got out of the dungeon alive.

Illustrated notes

Levels and vault maps discovered:
D:1:      lemuel_arrival_room, layout_basic

Skill      XL: |  1 |
---------------+----+-----
Fighting       | 2 |  2.1
Armour         | |  1.7
Dodging        | |  0.8
Stealth        | |  0.8
Evocations     | |  3.0

Action                     || total
---------------------------++-------
  Melee: Club              ||    13
         Short sword       ||    13
  Evoke: Wand              ||     5
 Armour: Leather armour    ||     3
  Dodge: Dodged            ||    25
